 Dungeon Crawl Stone Soup version 0.30.0-16-gbe6223bb7e (webtiles) character file.

Game seed: 6451681934699154533

280 croobank the Stinger (level 6, -8/43 HPs)
             Began as an Octopode Venom Mage on May 21, 2023.
             Killed from afar by a steam dragon (22 damage)
             ... with a ball of steam
             ... on level 3 of the Dungeon.
             The game lasted 00:15:03 (3429 turns).

croobank the Stinger (Octopode Venom Mage)          Turns: 3429, Time: 00:15:04

Health: -8/43      AC:  1    Str:  7    XL:     6   Next: 27%
Magic:  9/10       EV: 13    Int: 19    God:
Gold:   97         SH:  0    Dex: 13    Spells: 7/10 levels left

rFire   . . .        a - +0 short sword
rCold   . . .        (no shield)
rNeg    . . .        (helmet restricted)
rPois   .            (no amulet)
rElec   .            (no ring)
rCorr   .            (no ring)
SInv    .            (no ring)
Will    .....        (no ring)
Stlth   +++          (no ring)
HPRegen 0.27/turn    (no ring)
MPRegen 0.12/turn    (no ring)
                     (no ring)

%: no passive effects
@: mighty
A: almost no armour, amphibious, 8 rings, camouflage 1, gelatinous body 1,
(nimble swimmer 1), tentacles
a: no special abilities


You were on level 3 of the Dungeon.
You visited 1 branch of the dungeon, and saw 3 of its levels.

You collected 97 gold pieces.

Inventory:

Hand Weapons
 a - a +0 short sword (weapon)
 b - a +0 sling
 f - a +0 dagger
 g - a +0 spear
 m - a +0 falchion
Missiles
 e - 2 atropa-tipped darts (quivered)
Scrolls
 d - a scroll of poison
 j - a scroll of blinking
Potions
 i - a potion of magic
 k - 2 potions of attraction
 l - a potion of might


   Skills:
 + Level 3.9 Fighting
 - Level 2.6 Dodging
 - Level 3.7 Stealth
 - Level 2.6 Spellcasting
 - Level 2.0 Transmutations
 - Level 1.1 Air Magic
 - Level 4.2 Poison Magic


You had 7 spell levels left.
You knew the following spells:

 Your Spells              Type           Power      Damage    Failure   Level
a - Sting                 Tmut/Pois      56%        1d5       4%          1
b - Poisonous Vapours     Pois/Air       24%        N/A       8%          2

Your spell library contained the following spells:

 Spells                   Type           Power      Damage    Failure   Level
 Mephitic Cloud           Conj/Pois/Air  9%         N/A       22%         3
 Olgreb's Toxic Radiance  Pois           18%        N/A       26%         4


Dungeon Overview and Level Annotations

Branches:
Dungeon (3/15)

Altars:

Annotations:
D:2 Sigmund


Innate Abilities, Weirdness & Mutations

You cannot wear most types of armour.
You are amphibious.
You can wear up to eight rings at the same time.
Your skin changes colour to match your surroundings (Stealth+).
Your rubbery body absorbs attacks. (AC +1, EV +1)
((You are camouflaged when in or above water. (Stealth+)))
You have tentacles for arms and can constrict up to eight enemies at once.


Message History

Press: ? - help, Dir - move target A kobold comes into view.
It is wielding a +0 short sword.
As you read the scroll labelled WEINADOPES, it crumbles to dust.
It was a scroll of blinking.
a - a +0 short sword (weapon)
The steam dragon hisses angrily.
The kobold shouts!
Casting: Sting (safe; 4% risk of failure)
Confirm with . or Enter, or press ? or * to list all spells.
Okay, then.
Casting: Sting (safe; 4% risk of failure)
Confirm with . or Enter, or press ? or * to list all spells.
Aiming: Sting (safe; 4% risk of failure)
Press: ? - help, Shift-Dir - straight line, f - steam dragon
Aim: a steam dragon (71% to hit)
The sting hits the steam dragon.
The steam dragon is poisoned.
The steam dragon is lightly wounded.
Casting: Sting (safe; 4% risk of failure)
Confirm with . or Enter, or press ? or * to list all spells.
Aiming: Sting (safe; 4% risk of failure)
Press: ? - help, Shift-Dir - straight line, f/p - steam dragon
Aim: a steam dragon (moderately wounded, poisoned, 71% to hit)
The sting hits the steam dragon.
The steam dragon looks even sicker.
The steam dragon is moderately wounded.
The steam dragon breathes steam at you. The ball of steam hits you!
You are engulfed in a cloud of scalding steam.
You feel better.
You feel very mighty all of a sudden. The steam dragon barely misses you.
The steam dragon closely misses you.
You barely miss the steam dragon.
The steam dragon is heavily wounded.
The kobold closely misses you. The steam dragon bites you.
The steam dragon claws you.
You barely miss the steam dragon. You squeeze the steam dragon!
The steam dragon is severely wounded.
The kobold barely misses you. The steam dragon breathes steam at you.
The ball of steam hits you!!
Ouch! That really hurt!
You die...

....#.#.###......###......#......
....#.#.#.............#...#......
....#.#+#.#......#....#...#......
..........#...........#..<#......
..........+.........###...#......
..........#.........# #...#......
....#'#.###.........###...#......
....#.#.#.'....K......'...'......
###.#.#.###....D@...###...#......
#.#.#.# #.........# #####......
#...#.# #.........# #......
#####.# #.........# #...... #.#
########### #...... #######.#
####### ........# #### #########
#... #.##


You could see a steam dragon (poisoned, catching breath) and a kobold.

Vanquished Creatures
  A black bear (D:3)
  Natasha (twice) (D:2)
  2 orc wizards (D:3)
  2 worms (D:2)
  6 dart slugs
  4 orcs (D:3)
  3 ball pythons
  3 bats
  6 endoplasms
  A giant cockroach (D:2)
  7 goblins
  5 hobgoblins
  7 jackals
  2 quokkas
  3 frilled lizards
  7 kobolds
  7 rats
68 creatures vanquished.

Notes
Turn   | Place    | Note
-------+----------+-------------------------------------------
     0 | D:1      | croobank the Octopode Venom Mage began the quest for the
                  | Orb.
     0 | D:1      | Reached XP level 1. HP: 11/11 MP: 3/3
   215 | D:1      | Reached XP level 2. HP: 15/17 MP: 0/5
   618 | D:1      | Learned a level 2 spell: Poisonous Vapours
   822 | D:1      | Reached XP level 3. HP: 9/21 MP: 4/6
  1052 | D:1      | Found a faded altar of an unknown god.
  1407 | D:2      | Noticed Natasha
  1418 | D:2      | Killed Natasha
  1419 | D:2      | Reached skill level 4 in Poison Magic
  1419 | D:2      | Reached XP level 4. HP: 7/27 MP: 2/7
  1779 | D:2      | Noticed Natasha
  1792 | D:2      | HP: 1/27 [Natasha (10)]
  1795 | D:2      | Killed Natasha
  1796 | D:2      | Reached skill level 1 in Air Magic
  2115 | D:2      | Noticed Sigmund
  2714 | D:3      | Noticed a black bear
  2718 | D:3      | Reached XP level 5. HP: 32/32 MP: 9/9
  2723 | D:3      | Killed a black bear
  3150 | D:3      | Reached XP level 6. HP: 32/42 MP: 7/10
  3406 | D:3      | Noticed a steam dragon
  3429 | D:3      | Killed from afar by a steam dragon

Illustrated notes

Levels and vault maps discovered:
D:1:      elethiomel_arrival_quiet, layout_rooms, basic_ecumenical_altar
D:2:      layout_basic, uniq_sigmund, uniq_natasha
D:3:      layout_basic

Skill      XL: |  1  2  3  4  5 |
---------------+----------------+-----
Stealth        | 3 |  3.7
Poison Magic   | 4 |  4.2
Air Magic      | 1 |  1.1
Transmutations | 2 |  2.0
Fighting       | 3 |  3.9
Dodging        | |  2.6
Spellcasting   | |  2.6

Action                     |  1- 3 |  4- 6 || total
---------------------------+-------+-------++-------
  Melee: Short sword       |    23 |    55 ||    78
         Tentacles         |     5 |    15 ||    20
         Constrict         |     5 |    15 ||    20
         Unarmed           |     1 |       ||     1
   Fire: Sling             |    18 |    49 ||    67
  Throw: Dart              |       |     1 ||     1
   Cast: Sting             |    31 |    28 ||    59
         Poisonous Vapours |       |     2 ||     2
    Use: Scroll            |     3 |     3 ||     6
         Potion            |       |     5 ||     5
   Stab: Sleeping          |       |     3 ||     3
         Invisible         |       |     1 ||     1
 Armour: Skin              |     6 |     4 ||    10
  Dodge: Dodged            |    33 |    37 ||    70
